Map: New Repugnancy LE

Players

oliM - Winner!

  • Race: Protoss Protoss
  • League: Grandmaster
  • Spawn Location: 1:00

WoodedMicrob

  • Race: Terran Terran
  • League: Master
  • Spawn Location: 7:00

VOD

Have the link to the VOD?

Description

Time

  • Played on: March 15, 2019, 8:14 p.m.
  • Length: 14:27
Show
View Real Time Build Order
Export as new Build Order

oliM Protoss - Winner!

Build Orders: 1 Gate Expand, Colossus Rush 

Get SALT Encoding   

  12  0:01  Probe  
  13  0:13  Probe  
  14  0:19  Pylon  
  14  0:25  Probe  
  15  0:35  Probe  
  15  0:38  Gateway  
  16  0:43  Probe  
  16  0:48  Assimilator  
  17  0:52  Probe  
  18  1:04  Probe  
  19  1:16  Probe  
  20  1:26  Nexus  
  20  1:37  Cybernetics Core  
  20  1:41  Assimilator, Probe  
  21  1:53  Probe, Pylon  
  22  2:04  Adept  
  22  2:05  Probe  
  25  2:17  Warp Gate  
  25  2:18  Probe  
  26  2:24  Stalker  
  26  2:30  Probe  
  29  2:40  Robotics Facility, Probe  
  29  2:42  Probe  
  31  2:50  Probe  
  31  2:52  Probe  
  31  2:58  Probe  
  33  3:02  Sentry  
  33  3:04  Probe  
  37  3:08  Probe  
  38  3:16  Probe, Gateway  
  39  3:20  Probe  
  39  3:21  Gateway  
  40  3:28  Probe, Observer  
  40  3:32  Probe  
  43  3:36  Probe  
  44  3:43  Pylon  
  44  3:44  Probe x2  
  44  3:47  Robotics Bay  
  45  3:51  Pylon  
  45  3:54  Observer  
  46  3:56  Pylon  
  46  4:01  Probe x2  
  49  4:05  Assimilator  
  49  4:09  Assimilator, Stalker  
  51  4:13  Probe x2  
  51  4:15  Forge  
  51  4:16  Stalker  
  55  4:19  Observer  
  55  4:20  Adept  
  57  4:25  Probe x2  
  59  4:38  Probe  
  60  4:47  Colossus  
  60  4:48  Probe, Nexus  
  65  5:03  Stalker x2  
  65  5:06  Probe  
  70  5:11  Protoss Ground Weapons Level 1  
  70  5:19  Extended Thermal Lance  
  70  5:25  Pylon  
  70  5:27  Probe  
  70  5:29  Colossus  
  70  5:33  Gateway  
  70  5:43  Probe  
  70  5:48  Probe  
  78  5:55  Gateway  
  78  5:56  Pylon  
  78  5:57  Pylon  
  78  6:00  Probe x2  
  80  6:09  Twilight Council  
  80  6:11  Probe, Pylon  
  80  6:12  Probe  
  80  6:13  Probe  
  83  6:19  Probe  
  83  6:22  Probe  
  83  6:24  Forge, Disruptor  
  83  6:25  Sentry  
  86  6:26  Probe  
  86  6:27  Probe  
  89  6:33  Blink  
  89  6:34  Probe  
  89  6:38  Probe  
  94  6:41  Adept  
  94  6:42  Adept x2  
  100  6:52  Probe  
  101  6:57  Probe  
  101  6:58  Protoss Ground Weapons Level 2  
  101  7:00  Probe, Protoss Ground Armor Level 1  
  103  7:01  Assimilator  
  103  7:07  Colossus, Assimilator  
  103  7:14  Pylon  
  106  7:17  Gateway  
  106  7:18  Gateway  
  106  7:19  Probe  
  110  7:22  Pylon  
  110  7:23  Pylon  
  110  7:27  Probe  
  111  7:36  Zealot x5  
  121  7:40  Dark Shrine, Pylon  
  121  7:43  Probe  
  122  7:48  Pylon  
  122  7:58  Nexus  
  122  7:59  Pylon  
  122  8:00  Probe  
  122  8:02  Colossus  
  129  8:08  Probe  
  129  8:11  Stalker x2  
  134  8:15  Probe x2  
  136  8:20  Probe  
  137  8:27  Charge, Zealot x4  
  137  8:28  Zealot  
  137  8:34  Probe  
  148  8:40  Pylon  
  148  8:41  Stalker x2  
  146  8:45  Pylon  
  146  8:47  Zealot  
  146  8:48  Protoss Ground Armor Level 2  
  150  8:50  Zealot x4, Protoss Ground Weapons Level 3  
  150  8:52  Probe  
  159  8:59  Templar Archives  
  157  9:15  Zealot x2  
  157  9:16  Stalker x2  
  165  9:19  Pylon, Dark Templar  
  165  9:20  Dark Templar  
  169  9:34  Dark Templar  
  169  9:38  Photon Cannon  
  171  9:39  Dark Templar x2  
  171  9:40  Dark Templar  
  171  9:43  Archon  
  171  9:44  Warp Prism, Zealot  
  179  9:47  Archon  
  179  9:50  Probe  
  179  9:51  Robotics Facility  
  178  10:00  Zealot x2  
  182  10:09  Dark Templar x2  
  182  10:13  Archon  
  182  10:14  Dark Templar x2  
  188  10:17  Assimilator  
  188  10:19  Assimilator  
  188  10:20  Archon, Immortal  
  190  10:34  Zealot x3  
  196  10:39  Stargate  
  196  10:47  Protoss Ground Armor Level 3  
  196  10:48  Immortal  
  200  10:53  Psionic Storm  
  200  10:57  Gateway x2  
  200  11:01  Gateway  
  200  11:22  Protoss Shields Level 1  
  178  11:35  Probe  
  178  11:37  Zealot  
  178  11:38  Zealot x6  
  185  11:43  Fleet Beacon  
  185  11:46  Probe  
  186  11:48  Probe  
  186  11:50  Immortal x2  
  185  11:56  Probe  
  180  12:06  High Templar x2  
  180  12:07  High Templar x2  
  180  12:08  Zealot x2  
  180  12:09  Zealot x4  
  186  12:19  Archon  
  182  12:29  Stalker x5, Immortal  
  186  12:31  Stalker, Nexus  
  186  12:33  Probe, Pylon  
  186  12:34  Pylon  
  183  12:37  Probe  
  184  12:45  Stalker x3  
  184  12:50  Stalker  
  184  13:03  Stalker x2  
  184  13:04  Stalker x3  
  182  13:06  Immortal  
  168  13:21  Zealot x4  
  168  13:22  Pylon, Zealot  
  168  13:24  Probe  
  185  13:35  Immortal  
  181  13:41  Stalker x3  
  181  13:42  Stalker  
  181  13:43  Stalker x4  
Show
View Real Time Build Order
Export as new Build Order

WoodedMicrob Terran 

Build Orders: Reaper Expand 

Get SALT Encoding   

  12  0:00  SCV  
  13  0:12  SCV  
  14  0:17  Supply Depot  
  14  0:25  SCV  
  15  0:39  SCV  
  15  0:40  Barracks  
  16  0:44  Refinery  
  16  0:51  SCV  
  17  1:03  SCV  
  18  1:20  SCV  
  19  1:30  Reaper  
  19  1:32  Orbital Command  
  20  1:48  Command Center  
  20  1:58  SCV  
  21  2:05  Factory  
  21  2:10  SCV  
  23  2:17  Supply Depot  
  23  2:18  Refinery  
  23  2:22  Barracks Reactor  
  22  2:23  SCV  
  23  2:38  SCV  
  24  2:52  Starport  
  24  2:54  SCV  
  24  2:58  Marine x2, Widow Mine  
  27  3:00  Orbital Command  
  29  3:10  SCV  
  30  3:16  Marine x2  
  30  3:19  Widow Mine  
  34  3:26  SCV  
  36  3:27  SCV  
  36  3:29  Medivac  
  38  3:34  Marine x2  
  38  3:40  Factory Tech Lab  
  40  3:43  SCV  
  41  3:53  SCV  
  42  3:57  SCV  
  42  4:02  Command Center  
  43  4:06  Marine x2  
  43  4:09  SCV  
  46  4:13  Siege Tank  
  46  4:15  SCV  
  50  4:20  Bunker  
  50  4:21  SCV  
  50  4:23  Supply Depot  
  51  4:25  Marine  
  51  4:28  Marine  
  51  4:30  SCV  
  54  4:36  Supply Depot  
  54  4:43  SCV  
  54  4:44  Barracks  
  54  4:46  Marine x2  
  54  4:48  SCV  
  57  4:55  SCV  
  58  5:04  Marine x2  
  58  5:08  Siege Tank  
  58  5:10  SCV x2  
  63  5:18  Orbital Command  
  63  5:22  SCV x2  
  63  5:23  Engineering Bay, Refinery  
  63  5:24  Engineering Bay  
  63  5:28  Marine x2  
  65  5:33  Barracks Tech Lab  
  65  5:34  Starport Reactor, SCV  
  68  5:37  SCV  
  68  5:38  Supply Depot  
  68  5:40  Siege Tank  
  72  5:49  Marine x2  
  74  5:50  Terran Infantry Armor Level 1, Terran Infantry Weapons Level 1  
  74  5:53  Refinery  
  74  5:56  Marine, Orbital Command  
  75  5:58  Stimpack  
  74  6:08  SCV  
  74  6:10  Marine x2  
  77  6:13  SCV  
  77  6:14  Siege Tank  
  81  6:20  Marine, SCV  
  81  6:23  SCV, Barracks  
  85  6:25  SCV  
  85  6:28  Supply Depot x2  
  85  6:32  SCV  
  86  6:39  SCV x2  
  88  6:43  Barracks  
  88  6:44  SCV  
  88  6:45  Armory, Refinery  
  88  6:46  Barracks  
  89  6:50  Siege Tank  
  89  6:51  SCV  
  89  6:54  Marauder  
  95  6:55  SCV  
  95  6:56  SCV  
  95  7:01  Supply Depot  
  97  7:03  Supply Depot, SCV  
  97  7:06  Marine x2  
  98  7:08  Medivac  
  98  7:09  Medivac  
  98  7:10  SCV  
  98  7:13  SCV  
  98  7:15  SCV  
  105  7:22  SCV, Missile Turret  
  106  7:25  SCV  
  106  7:27  Barracks Reactor  
  106  7:29  SCV, Marauder  
  110  7:34  SCV, Barracks Tech Lab  
  110  7:36  Barracks Reactor  
  111  7:38  SCV  
  111  7:42  SCV  
  111  7:43  Liberator  
  111  7:44  Liberator  
  113  7:46  Marine  
  113  7:47  Marine  
  113  7:48  Siege Tank  
  120  7:52  Missile Turret  
  120  7:54  Supply Depot  
  120  7:55  Marauder x2  
  124  8:01  Refinery  
  124  8:03  Combat Shield  
  124  8:05  Concussive Shells  
  128  8:06  Marine x4  
  128  8:11  SCV  
  128  8:12  Sensor Tower  
  133  8:16  SCV  
  133  8:17  Marine x2, Marauder  
  133  8:18  Marauder  
  140  8:23  Terran Infantry Weapons Level 2  
  140  8:24  Marine  
  141  8:30  Marine  
  141  8:33  Terran Infantry Armor Level 2  
  142  8:39  SCV  
  142  8:41  SCV x2  
  145  8:45  Marauder  
  145  8:46  Marauder  
  149  8:48  Command Center  
  149  8:59  Supply Depot x2, Siege Tank  
  149  9:00  Supply Depot  
  143  9:15  Liberator x2, Marauder x2  
  143  9:16  Marine x6  
  147  9:32  Siege Tank  
  147  9:34  Marine  
  147  9:36  Starport  
  157  9:41  Marine, Barracks  
  157  9:42  Marine x4  
  157  9:43  Barracks, Marauder  
  157  9:44  Barracks  
  162  9:57  Marauder  
  162  9:58  Liberator  
  162  9:59  Liberator  
  164  10:09  Marauder  
  166  10:17  Starport Reactor  
  166  10:18  Marauder  
  173  10:24  Siege Tank  
  176  10:30  Marauder  
  178  10:36  Missile Turret x2  
  178  10:39  Missile Turret  
  178  10:47  Barracks Tech Lab x3  
  178  10:48  Marauder  
  180  10:51  Refinery  
  180  10:52  Marauder, Refinery  
  182  10:58  Medivac  
  182  10:59  Marine, Medivac  
  182  11:00  Marine x5  
  191  11:09  Marauder  
  188  11:19  Liberator x3  
  188  11:20  Command Center  
  161  11:33  Marine x5, Marauder x4  
  161  11:37  Liberator  
  177  11:54  Marauder  
  177  11:56  Marine  
  177  11:57  Marine x3  
  181  12:05  Marine x3  
  181  12:08  Supply Depot x2  
  181  12:09  Marine x2, Supply Depot  
  181  12:11  Marine  
  181  12:12  Liberator x3  
  180  12:26  Siege Tank  
  190  12:35  SCV  
  190  12:36  SCV x2  
  190  12:37  Medivac  
  189  12:44  Marine  
  189  12:45  Marine x9  
  189  12:48  SCV x2  
  198  12:58  Siege Tank  
  179  12:59  Liberator x2  
  179  13:00  Liberator  
  179  13:01  Marine  
  179  13:02  Marine  
  179  13:03  Marine x5  
  175  13:06  Medivac  
  158  13:12  Marauder  
  158  13:13  Marauder x3  
  158  13:17  Planetary Fortress  
  158  13:19  Marine  
  122  13:20  Marine x3  
  122  13:22  Marine  
  122  13:23  Marine x2  
  122  13:24  SCV x3  
  131  13:33  Marine  
  129  13:35  Marauder x2  
  129  13:36  Reaper, SCV  
  129  13:40  Marine x4, Marauder  
  89  13:51  Marine  
  89  13:52  Marauder  
  87  13:56  Marauder x2  
  87  14:02  Marauder  
Tags
 
Add a new tag
Caveats
  • Supply blocks, unpowered buildings, or Contaminate may cause inaccurate times.
  • Supply counts are checked every 10 seconds.